 Dungeon Crawl Stone Soup version 0.31-a0-175-g9f7f995f2b (webtiles) character file.

Game seed: 5886532160681873264

7111 FuzzyBarbErik the Fighter (level 11, -3/126 HPs)
             Began as an Ogre Berserker on Dec 5, 2021.
             Was a Priest of Trog.
             Killed from afar by an acid dragon (18 damage)
             ... with a splash of acid
             ... on level 9 of the Dungeon on June 17, 2023.
             The game lasted 00:59:17 (13111 turns).

FuzzyBarbErik the Fighter (Ogre Berserker)         Turns: 13111, Time: 00:59:18

Health: -3/126     AC:  4    Str: 27    XL:     11   Next: 10%
Magic:  11/11      EV: 11    Int:  8    God:    Trog [***...]
Gold:   507        SH:  0    Dex:  8    Spells: 10/10 levels left

rFire   . . .        W - +2 whip (venom)
rCold   . . .        (no shield)
rNeg    . . .        h - +0 animal skin
rPois   .            (helmet restricted)
rElec   .            t - +0 cloak
rCorr   .            (gloves unavailable)
SInv    .            (boots unavailable)
Will    +....        (no amulet)
Stlth   ++           (no ring)
HPRegen 0.41/turn    (no ring)
MPRegen 0.12/turn

%: no passive effects
@: marked
A: large, unfitting armour, tough skin 1
a: Renounce Religion, Berserk, Trog's Hand


You were on level 9 of the Dungeon.
You worshipped Trog.
Trog was most pleased with you.
You visited 2 branches of the dungeon, and saw 10 of its levels.
You also visited: Sewer.

You collected 627 gold pieces.
You spent 120 gold pieces at shops.

Inventory:

Hand Weapons
 a - a +4 morningstar
 b - a +4 whip
 i - a +0 mace
 k - a +0 mace of protection
 n - a +4 flail
 w - a +0 giant spiked club
 W - a +2 whip of venom (weapon)
Missiles
 j - 7 boomerangs (quivered)
Armour
 h - a +0 animal skin (worn)
 t - a +0 cloak (worn)
Jewellery
 y - the ring "Ciwkui" {*Corrode rPois rC+ Int+3}
   (You found it on level 8 of the Dungeon)

   [ring of poison resistance]

   Int:       It affects your intelligence (+3).
   rC:        It protects you from cold.
   rPois:     It protects you from poison.
   *Corrode:  It may corrode you when you take damage.
Wands
 f - a wand of iceblast (23)
 m - a wand of acid (10)
 o - a wand of flame (30)
Scrolls
 c - 4 scrolls of teleportation
 d - a scroll of fog
 e - 5 scrolls of identify
 g - 2 scrolls of brand weapon
 l - a scroll of enchant weapon
 p - a scroll of vulnerability
 r - a scroll of revelation
 x - a scroll of enchant armour {unknown}
Potions
 q - a potion of enlightenment
 s - 3 potions of curing
 u - 2 potions of attraction {unknown}
 z - a potion of lignification {unknown}


   Skills:
 * Level 12.9 Fighting
 + Level 10.7 Maces & Flails
 + Level 0.1 Throwing
 * Level 7.3 Dodging
 - Level 2.5 Stealth


You had 10 spell levels left.
You didn't know any spells.
Your spell library was empty.

Dungeon Overview and Level Annotations

Branches:
Dungeon (9/15)             Temple (1/1) D:6            Lair (0/6) D:8
  Sewer (visited)
    Orc: D:9-12

Altars:
Ashenzari
Cheibriados
Dithmenos
Elyvilon
Fedhas
Gozag
Hepliaklqana
Kikubaaqudgha
Makhleb
Nemelex Xobeh
Okawaru
Qazlal
Ru
Sif Muna
Trog
Uskayaw
Vehumet
Wu Jian
Yredelemnul
The Shining One

Shops:
D:8 ?

Annotations:
D:9 Maggie


Innate Abilities, Weirdness & Mutations

You are too large for most types of armour.
You have tough skin. (AC +1)


Message History

An acid dragon comes into view.
The centaur attacks as you move away! The centaur barely misses you. x2
The centaur hits you.
The centaur kicks you but does no damage.
You hit the centaur.
The centaur looks as sick as possible!
The centaur is almost dead.
The centaur hits you. The centaur misses you.
You kill the centaur!
Trog accepts your kill.
The centaur shoots an arrow.
The arrow closely misses you.
The centaur shoots an arrow.
The arrow hits you!
The centaur shoots an arrow.
The arrow barely misses you.
You hear a zap.
Some rock shatters into small pieces.
The centaur unwields a +0 orcbow.
The centaur barely misses you. x2
You see here a +0 shortbow.
The centaur wields a +0 orcbow.
The centaur shoots an arrow.
The arrow hits you!
Maggie points at you and mumbles some strange words.
The bolt of fire hits you!!
The centaur shoots an arrow.
The arrow barely misses you.
Maggie zaps a wand.
Some rock shatters into small pieces.
The now-empty wand crumbles to dust.
The centaur unwields a +0 orcbow.
The centaur hits you.
* * * LOW HITPOINT WARNING * * *
The centaur kicks you but does no damage.
The centaur attacks as you move away!
The centaur hits you but does no damage.
The centaur kicks you but does no damage.
The centaur wields a +0 orcbow.
The centaur shoots an arrow.
The arrow hits you!
* * * LOW HITPOINT WARNING * * *
The centaur shoots an arrow.
The arrow barely misses you.
The centaur shoots an arrow.
The arrow barely misses you.
The centaur shoots an arrow.
The arrow hits you!
* * * LOW HITPOINT WARNING * * *
There is a stone staircase leading up here.
The acid dragon spits acid at you. The splash of acid hits you!!
You die...

#.# ..# ##..#.......
#.#
#.#####...#.#.....
#.#
#.##........######
#.# #.##.##.###.#
#.# #.....#.# ###
#.########.##..#.#
#...............##
#########..###..####
#@###.....#
#.Dc...##.#
###@#..##.#
##...##.# ##).##.#
...###.....####
...............#
##.............#
#.............#


You could see Maggie, an acid dragon (catching breath) and a centaur.

Vanquished Creatures
  A boulder beetle (D:9)
  A two-headed ogre (D:8)
  An ugly thing (D:9)
  Grinder (D:3)
  Prince Ribbit (D:6)
  Sigmund (D:2)
  A shadow (D:9)
  A yak (D:8)
  4 wyverns
  A steam dragon (D:8)
  An acid dragon (D:9)
  3 water moccasins
  2 black bears
  Duvessa (D:6)
  An orc warrior (D:8)
  An ice beast (D:5)
  An ogre (D:5)
  2 centaurs (D:9)
  2 phantoms (D:4)
  Blork the orc (D:6)
  6 bullfrogs
  2 scorpions
  A water moccasin zombie (D:5)
  A wyvern zombie (D:6)
  Dowan (D:6)
  5 wights (D:6)
  17 killer bees
  A crimson imp (D:6)
  3 bullfrog zombies (D:6)
  3 hounds
  A jelly (D:5)
  Crazy Yiuf (D:6)
  A gnoll bouda (D:6)
  4 orc priests (D:3)
  Terence (D:2)
  2 iguanas
  Natasha (thrice) (D:2)
  3 orc wizards
  A killer bee zombie (D:6)
  2 howler monkey zombies
  7 gnolls
  12 adders
  3 white imps
  An adder skeleton (D:5)
  4 worms
  3 dart slugs
  27 orcs
  8 ball pythons
  4 bats
  7 endoplasms
  12 giant cockroaches
  8 goblins
  5 hobgoblins
  6 quokkas
  10 frilled lizards
  3 kobolds
  5 rats
212 creatures vanquished.

Notes
Turn   | Place    | Note
-------+----------+-------------------------------------------
     0 | D:1      | FuzzyBarbErik the Ogre Berserker began the quest for the
                  | Orb.
     0 | D:1      | Reached XP level 1. HP: 24/24 MP: 1/1
   181 | D:1      | Reached XP level 2. HP: 25/32 MP: 2/2
  1168 | D:2      | Reached XP level 3. HP: 38/40 MP: 3/3
  1172 | D:2      | Noticed Sigmund
  1185 | D:2      | Killed Sigmund
  1186 | D:2      | Reached skill level 5 in Fighting
  1186 | D:2      | Reached XP level 4. HP: 31/50 MP: 4/4
  1186 | D:2      | Reached XP level 5. HP: 35/57 MP: 5/5
  1611 | D:2      | Noticed Natasha
  1622 | D:2      | Killed Natasha
  1623 | D:2      | Reached XP level 6. HP: 66/66 MP: 6/6
  1750 | D:2      | Noticed Terence
  1770 | D:2      | Killed Terence
  1851 | D:2      | Reached skill level 5 in Maces & Flails
  2077 | D:2      | Reached ** piety under Trog
  2245 | D:2      | Found a faded altar of an unknown god.
  2316 | D:2      | Noticed Natasha
  2331 | D:2      | Killed Natasha
  2664 | D:2      | Noticed Natasha
  2673 | D:2      | Killed Natasha
  3103 | D:3      | Reached skill level 6 in Fighting
  3292 | D:3      | Found a sacrificial altar of Ru.
  3426 | D:3      | Found a sparkling altar of Nemelex Xobeh.
  3534 | D:3      | Found a stormy altar of Qazlal.
  3553 | D:3      | Reached XP level 7. HP: 71/75 MP: 7/7
  4042 | D:3      | Noticed Grinder
  4059 | D:3      | Killed Grinder
  4209 | D:4      | Reached skill level 7 in Fighting
  4209 | D:4      | Reached skill level 1 in Stealth
  4322 | D:4      | Reached XP level 8. HP: 61/87 MP: 8/8
  4997 | D:4      | Found an iron altar of Okawaru.
  5577 | D:5      | Entered Level 5 of the Dungeon
  5587 | D:5      | Reached skill level 8 in Fighting
  5686 | D:5      | Reached *** piety under Trog
  5939 | D:5      | Found an ancient bone altar of Kikubaaqudgha.
  6523 | D:5      | Upgraded the game from 0.28-a0-991-g956f0ee3d5 to
                  | 0.31-a0-175-g9f7f995f2b
  6657 | D:6      | Reached XP level 9. HP: 71/97 MP: 9/9
  6667 | D:6      | Found a basalt altar of Yredelemnul.
  6766 | D:6      | Reached skill level 9 in Fighting
  6901 | D:6      | Found a staircase to the Ecumenical Temple.
  6960 | D:6      | Noticed Prince Ribbit
  6967 | D:6      | Found a glowing drain.
  6975 | Sewer    | Entered a sewer
  7456 | Sewer    | Identified the +8 triple sword "Pepafaud" {freeze, Int+2
                  | Stlth+}
  7883 | D:6      | Found a bloodstained altar of Trog.
  7900 | D:6      | Killed Prince Ribbit
  7999 | D:6      | Noticed Duvessa
  7999 | D:6      | Noticed Dowan
  8007 | D:6      | Killed Duvessa
  8012 | D:6      | Killed Dowan
  8109 | D:6      | Noticed Blork the orc
  8119 | D:6      | Killed Blork the orc
  8173 | D:6      | Found a runed translucent door.
  8174 | D:6      | Noticed Crazy Yiuf
  8181 | D:6      | Killed Crazy Yiuf
  8461 | D:6      | Reached skill level 10 in Fighting
  8808 | D:6      | Found a radiant altar of Vehumet.
  8809 | D:6      | Found a burning altar of Makhleb.
  8914 | Temple   | Entered the Ecumenical Temple
  9069 | D:7      | Reached skill level 5 in Dodging
  9413 | D:7      | Found a blossoming altar of Fedhas.
  9413 | D:7      | Found an opulent altar of Gozag.
  9844 | D:7      | Reached XP level 10. HP: 105/111 MP: 10/10
 10585 | D:8      | Reached skill level 11 in Fighting
 10628 | D:8      | Noticed a two-headed ogre
 10644 | D:8      | Killed a two-headed ogre
 10645 | D:8      | Reached skill level 10 in Maces & Flails
 11463 | D:8      | Found Reril's Magic Scroll Shoppe.
 11470 | D:8      | Bought a scroll of blinking for 120 gold pieces
 11586 | D:8      | Reached **** piety under Trog
 11872 | D:8      | Reached skill level 12 in Fighting
 11973 | D:8      | Identified the ring "Ciwkui" {*Corrode rPois rC+ Int+3}
 12321 | D:8      | Found a staircase to the Lair.
 12669 | D:9      | Noticed Maggie
 12675 | D:9      | Noticed a brown ugly thing
 12677 | D:9      | Noticed a boulder beetle
 12693 | D:9      | Killed a brown ugly thing
 12706 | D:9      | HP: 8/175 [boulder beetle (3)]
 12713 | D:9      | Killed a boulder beetle
 12714 | D:9      | Reached XP level 11. HP: 12/126 MP: 11/11
 13111 | D:9      | Killed from afar by an acid dragon

Illustrated notes

Levels and vault maps discovered:
D:1:      lightli_arrival_maybe_door_vault, layout_basic, dk_noncrumbling_3
D:2:      layout_loops_corners, nicolae_ecumenical_oubliette, uniq_sigmund,
          uniq_terence, uniq_natasha
D:3:      layout_basic, nemelex_spade_bored_becter, marbit_many_paths,
          nicolae_overflow_ecumenical_swirl, general_overflow_altar,
          uniq_grinder
D:4:      layout_loops_ring, okawaru_altar_gauntlet_db
D:5:      layout_rooms, nicolae_kikubaaqudgha_miasma_corner,
          serial_corexii_hall, chequers_hall_statues_wall_a,
          corexii_hall_statues_l, corexii_hall_statues_s,
          chequers_hall_statues_y, corexii_hall_statues_i,
          chequers_hall_statues_corner_a
D:6:      layout_basic, grunt_temple_overflow_lords_of_destruction,
          nicolae_yredelemnul_corpse_copse, mainiacjoe_overflow_boulevard,
          minmay_temple_entry_offerings, cheibrodos_sewer_entry_bend,
          uniq_prince_ribbit1, uniq_blork_the_orc, uniq_crazy_yiuf_cottage,
          uniq_duvessa
D:7:      layout_basic, gammafunk_temple_overflow_statue, minmay_misc_feat_doors
D:8:      layout_basic, grunt_lair_entry_orc_guard_hut, serial_shops,
          nicolae_square_shop, chequers_serial_rivers_large_a,
          lightli_orcish_oven
D:9:      layout_basic, mainiacjoe_overflow_alcove_2, serial_shops, shop,
          kennysheep_doodads, minmay_liquid_box, minmay_chambers_of_fives,
          uniq_maggie
Temple:   nicolae_temple_figure_zero

Skill      XL: |  1  2  3  4  5  6  7  8  9 10 |
---------------+-------------------------------+-----
Maces & Flails | 3 4 5 6 7 9 10 | 10.7
Fighting       | 5 6 7 8 10 12 | 12.9
Dodging        | 3 4 5 7 |  7.3
Stealth        | 1 2 |  2.5
Throwing       | |  0.1

Action                     |  1- 3 |  4- 6 |  7- 9 | 10-12 || total
---------------------------+-------+-------+-------+-------++-------
  Melee: Mace              |    56 |   102 |       |       ||   158
         Flail             |       |    24 |    37 |       ||    61
         Whip              |       |    12 |   424 |   247 ||   683
         Giant spiked club |       |       |     9 |       ||     9
         Punch             |       |       |     1 |     1 ||     2
  Throw: Boomerang         |       |       |     4 |       ||     4
 Invoke: Berserk           |     1 |     1 |     8 |     3 ||    13
         Trog's Hand       |       |       |     4 |     3 ||     7
  Evoke: Wand              |       |       |     2 |       ||     2
    Use: Potion            |     1 |       |     5 |       ||     6
         Scroll            |       |     2 |     2 |     7 ||    11
   Stab: Sleeping          |       |       |     4 |     1 ||     5
         Invisible         |       |       |     2 |       ||     2
 Armour: Animal skin       |    11 |    24 |    53 |    51 ||   139
  Dodge: Dodged            |    34 |    63 |   164 |   155 ||   416

Table legend: (Time is in decaauts)
 A = Elapsed time spent in this place.
 B = Non-inter-level travel time spent in this place.
 C = Inter-level travel time spent in this place.
 D = Time resting spent in this place.
 E = Time spent auto-exploring this place.
 F = Levels seen in this place.
 G = Mean time per level.
                   A        B        C        D        E       F      G
               +--------+--------+--------+--------+--------+-----+--------+
         Total |  13044 |  12632 |    412 |    984 |   8778 |  11 | 1185.8 |
       Dungeon |  12219 |  11816 |    403 |    873 |   8301 |   9 | 1357.7 |
        Temple |    123 |    114 |      9 |      0 |    110 |   1 |  123.0 |
         Sewer |    700 |    700 |      0 |    111 |    367 |   1 |  700.0 |
               +--------+--------+--------+--------+--------+-----+--------+

Top non-repeatable levels by time:
     D:6: 2234 daAuts
     D:2: 1934 daAuts
     D:8: 1827 daAuts
     D:4: 1367 daAuts
     D:1: 1169 daAuts
     D:3: 1156 daAuts
     D:5: 951 daAuts
     D:7: 890 daAuts
   Sewer: 700 daAuts
     D:9: 687 daAuts
  Temple: 123 daAuts
